 Dungeon Crawl Stone Soup version 0.31-a0-1612-g4aaf141 (webtiles) character file.

Game seed: 5493222636381862241

185 PublicAnimeNo1 the Apothecary (level 5, -1/35 HPs)
             Began as a Demonspawn Alchemist on Jan 9, 2024.
             Slain by a gnoll
             ... wielding a +0 halberd
              (8 damage)
             ... on level 4 of the Dungeon.
             The game lasted 00:04:49 (3519 turns).

PublicAnimeNo1 the Apothecary (DsAl)                Turns: 3519, Time: 00:04:50

Health: -1/35      AC:  6    Str:  8    XL:     5   Next: 37%
Magic:  3/8        EV: 12    Int: 23    God:
Gold:   161        SH:  0    Dex: 20    Spells: 4/8 levels left

rFire   . . .        c - +1 dagger
rCold   . . .        (no shield)
rNeg    . . .        a - +0 robe
rPois   .            (no helmet)
rElec   .            f - +1 cloak
rCorr   .            (no gloves)
SInv    .            (no boots)
Will    .....        (no amulet)
Stlth   ++           g - +6 ring of dexterity
HPRegen 0.25/turn    s - +6 ring of intelligence
MPRegen 0.11/turn

%: no passive effects
@: no status effects
A: claws 1, slimy green scales 1
a: no special abilities


You were on level 4 of the Dungeon.
You visited 1 branch of the dungeon, and saw 4 of its levels.

You collected 161 gold pieces.

Inventory:

Hand Weapons
 c - a +1 dagger (weapon)
Armour
 a - a +0 robe (worn)
 f - a +1 cloak (worn)
Jewellery
 g - a +6 ring of dexterity (left claw)
 s - a +6 ring of intelligence (right claw)
Scrolls
 e - 2 scrolls of immolation
 h - a scroll of enchant armour
 i - a scroll of identify
 j - 3 scrolls of teleportation
 m - 2 scrolls of revelation
 p - a scroll of noise {unknown}
 q - a scroll of fog {unknown}
 t - a scroll of fear {unknown}
 u - a scroll of blinking {unknown}
Potions
 b - a potion of magic
 d - a potion of resistance {unknown}
 k - a potion of enlightenment {unknown}
 l - a potion of heal wounds {unknown}
 n - a potion of berserk rage {unknown}
 o - a potion of curing {unknown}
 r - a potion of ambrosia {unknown}


   Skills:
 - Level 1.7 Dodging
 - Level 1.7 Stealth
 - Level 2.0 Spellcasting
 + Level 2.2 Conjurations
 + Level 1.6 Air Magic
 * Level 5.3 Alchemy


You had 4 spell levels left.
You knew the following spells:

 Your Spells              Type           Power      Damage    Failure   Level
a - Sting                 Conj/Alch      76%        1d7       2%          1
b - Mephitic Cloud        Conj/Alch/Air  16%        N/A       11%         3

Your spell library contained the following spells:

 Spells                   Type           Power      Damage    Failure   Level
 Mercury Vapours          Alch/Air       36%        N/A       4%          2
 Foxfire                  Conj/Fire      28%        2x1d5     9%          1
 Momentum Strike          Conj/Tloc      14%        3d8       12%         2
 Olgreb's Toxic Radiance  Alch           26%        N/A       14%         4
 Blink                    Tloc           4%         N/A       19%         2
 Lesser Beckoning         Tloc           4%         N/A       19%         2
 Sticky Flame             Fire/Alch      14%        2d5       38%         4
 Plasma Beam              Fire/Air       3%         2x1d13    100%        6
 Starburst                Conj/Fire      3%         6d3       100%        6


Dungeon Overview and Level Annotations

Branches:
Dungeon (4/15)
 Temple: D:4-7

Altars:


Innate Abilities, Weirdness & Mutations

You have sharp fingernails.
You are partially covered in slimy green scales. (AC +2)


Message History

Aiming: Sting (safe; 2% risk of failure)
Press: ? - help, Q - select action Shift-Dir - straight line, f/p - gnoll
Aim: a gnoll, wielding a +0 whip (almost dead, poisoned, 77% to hit)
The sting hits the gnoll.
The gnoll looks even sicker.
You kill the gnoll!
Aiming: Sting (safe; 2% risk of failure)
Press: ? - help, Q - select action Shift-Dir - straight line, f - adder
Aim: an adder (57% to hit)
The sting hits the adder.
The adder is poisoned.
The adder is heavily wounded.
The adder bites you but does no damage.
You hit the adder.
The adder is almost dead.
The adder barely misses you.
Aiming: Sting (safe; 2% risk of failure)
Press: ? - help, Q - select action Shift-Dir - straight line, f/p - adder
Aim: an adder (almost dead, poisoned, 57% to hit)
The sting misses the adder.
The sting hits the gnoll but does no damage.
The gnoll is poisoned.
You kill the adder!
The gnoll hits you from afar with a +0 halberd.
Aiming: Sting (safe; 2% risk of failure)
Press: ? - help, Q - select action Shift-Dir - straight line, f - gnoll
Aim: a gnoll, wielding a +0 flail (77% to hit)
The sting hits the gnoll.
The gnoll is poisoned.
The gnoll is heavily wounded.
The gnoll barely misses you.
The gnoll hits you from afar with a +0 halberd.
You closely miss the gnoll.
The gnoll is heavily wounded.
The gnoll hits you with a +0 flail. The gnoll barely misses you.
Aiming: Sting (safe; 2% risk of failure)
Press: ? - help, Q - select action Shift-Dir - straight line, f/p - gnoll
Aim: a gnoll, wielding a +0 flail (heavily wounded, poisoned, 77% to hit)
The sting misses the gnoll.
The gnoll hits you with a +0 flail!
* * * LOW HITPOINT WARNING * * *
The gnoll hits you from afar with a +0 halberd!
You die...

+..#'#.......+''.......+''......
#....##.....##.##.....##.##.....
#.....##...##...##...##...##...#
#......##'##.....##+##.....##'##
#..........##...##...##...##....
#.......######.###....##.##.....
.........# #.#+# #.....#+#......
.........# ##..#######'#.....#'#
.........# #...@g....#..#....#..
..######## #.........#..#..).#..
.. ######g####'##....###
#......)..S.........#
#.....>.............+
#...................#
#...................#
#......############.. #......#


You could see 2 gnolls.

Vanquished Creatures
  A bombardier beetle (D:4)
  A hound (D:4)
  3 adders
  A gnoll (D:4)
  A dart slug (D:1)
  4 orcs (D:3)
  6 bats
  11 endoplasms
  7 giant cockroaches
  5 goblins
  3 hobgoblins
  A jackal (D:1)
  5 kobolds
  6 quokkas
  8 ball pythons
  5 frilled lizards (D:1)
  A rat (D:2)
69 creatures vanquished.

Notes
Turn   | Place    | Note
-------+----------+-------------------------------------------
     0 | D:1      | PublicAnimeNo1 the Demonspawn Alchemist began the quest for
                  | the Orb.
     0 | D:1      | Reached XP level 1. HP: 13/13 MP: 3/3
   146 | D:1      | Gained mutation: You are partially covered in slimy green
                  | scales. (AC +2) [demonic ancestry]
   146 | D:1      | Reached XP level 2. HP: 16/19 MP: 0/5
   343 | D:1      | Found a faded altar of an unknown god.
   467 | D:1      | Reached skill level 4 in Alchemy
   521 | D:1      | Reached XP level 3. HP: 24/24 MP: 0/6
   604 | D:1      | Learned a level 3 spell: Mephitic Cloud
  1874 | D:2      | Reached XP level 4. HP: 30/30 MP: 4/7
  2337 | D:3      | Reached skill level 1 in Air Magic
  3029 | D:4      | Reached skill level 5 in Alchemy
  3108 | D:4      | Gained mutation: You have sharp fingernails. [demonic
                  | ancestry]
  3108 | D:4      | Reached XP level 5. HP: 28/35 MP: 5/8
  3519 | D:4      | Slain by a gnoll

Illustrated notes

Levels and vault maps discovered:
D:1:      dpeg_arrival_lava_temple_mockup, layout_basic,
          hellmonk_ecumenical_altar_blasted, roderic_roman_lattice, st_stairs_6,
          minmay_box_of_dots
D:2:      layout_basic, chequers_decorated_corner
D:3:      layout_loops_ring, nicolae_tso_swordbearing_angel,
          dreamdust_mushroom_princess, skrybe_limestone_x, due_unseen_surprise
D:4:      layout_gridville, grunt_ministairs_1, minmay_misc_feat_rows,
          nicolae_hexahallways, kennysheep_dice

Skill      XL: |  1  2  3  4 |
---------------+-------------+-----
Alchemy        | 4 5 |  5.3
Air Magic      | 1 |  1.6
Conjurations   | 2 |  2.2
Dodging        | |  1.7
Stealth        | |  1.7
Spellcasting   | |  2.0

Action                     |  1- 3 |  4- 6 || total
---------------------------+-------+-------++-------
  Melee: Dagger            |    73 |    25 ||    98
         Punch             |     1 |     1 ||     2
   Cast: Sting             |    64 |    42 ||   106
    Use: Scroll            |     1 |     6 ||     7
   Stab: Sleeping          |     1 |       ||     1
 Armour: Robe              |    43 |    14 ||    57
  Dodge: Dodged            |    61 |    19 ||    80

Table legend: (Time is in decaauts)
 A = Elapsed time spent in this place.
 B = Non-inter-level travel time spent in this place.
 C = Inter-level travel time spent in this place.
 D = Time resting spent in this place.
 E = Time spent auto-exploring this place.
 F = Levels seen in this place.
 G = Mean time per level.
                   A        B        C        D        E       F      G
               +--------+--------+--------+--------+--------+-----+--------+
         Total |   3516 |   3356 |    160 |      0 |   2891 |   4 |  879.0 |
       Dungeon |   3516 |   3356 |    160 |      0 |   2891 |   4 |  879.0 |
               +--------+--------+--------+--------+--------+-----+--------+

Top non-repeatable levels by time:
     D:1: 1226 daAuts
     D:2: 920 daAuts
     D:3: 721 daAuts
     D:4: 648 daAuts
